 Dungeon Crawl Stone Soup version 0.30-a0-711-gf4ac18a38d (webtiles) character file.

Game seed: 15088088262119287968

12518 wormed the Thaumaturge (level 11, -14/64 HPs)
             Began as a Deep Elf Fire Elementalist on Jan 23, 2023.
             Was an Elder of Vehumet.
             Killed from afar by a manticore (19 damage)
             ... with a volley of spikes
             ... on level 11 of the Dungeon.
             The game lasted 00:23:42 (12946 turns).

wormed the Thaumaturge (DEFE)                      Turns: 12946, Time: 00:23:43

Health: -14/64     AC: 12    Str:  5    XL:     11   Next: 63%
Magic:  25/36      EV: 15    Int: 25    God:    Vehumet [****..]
Gold:   207        SH:  0    Dex: 15    Spells: 12/30 levels left

rFire   + . .      SeeInvis .    M - staff of fire
rCold   . . .      Faith    .    L - orb {guile}
rNeg    . . .      Spirit   .    c - +1 leather armour
rPois   .          Reflect  .    x - +1 hat
rElec   .          Harm     .    C - +0 cloak
rCorr   .          Rampage  .    P - +0 pair of gloves
Will    .....                    s - +0 pair of boots
Stlth   ++++                     y - amulet of magic regeneration
HPRegen 0.30/turn                u - ring "Nubun" {Will+ MP+9}
MPRegen 0.65/turn                O - +4 ring of protection

@: spiked
A: no striking features
a: Renounce Religion


You were on level 11 of the Dungeon.
You worshipped Vehumet.
Vehumet was greatly pleased with you.
You visited 2 branches of the dungeon, and saw 13 of its levels.
You also visited: Sewer and Bailey.

You collected 1534 gold pieces.
You spent 1327 gold pieces at shops.

Inventory:

Missiles
 I - 36 poisoned darts
 J - 14 curare-tipped darts
 K - 8 atropa-tipped darts
Armour
 c - a +1 leather armour (worn)
 s - a +0 pair of boots (worn)
 x - a +1 hat (worn)
 C - a +0 cloak (worn)
 L - an orb of guile (worn)
 P - a +0 pair of gloves (worn)
Magical Staves
 A - a staff of conjuration
 M - a staff of fire (weapon)
Jewellery
 u - the ring "Nubun" (left hand) {Will+ MP+9}
   (You bought it in a shop on level 4 of the Dungeon)

   [ring of magical power]

   MP:        It affects your magic capacity (+9).
   Will:      It increases your willpower.
 v - a ring of flight
 y - an amulet of magic regeneration (around neck)
 B - a +6 ring of strength
 N - a ring of protection from cold
 O - a +4 ring of protection (right hand)
 Q - a +4 ring of slaying
Wands
 e - a wand of light (7)
 f - a wand of flame (12)
 r - a wand of mindburst (13)
 t - a wand of charming (5)
 E - a wand of iceblast (4)
Scrolls
 a - a scroll of fear
 i - 2 scrolls of enchant armour
 n - a scroll of identify
 z - 4 scrolls of immolation
 D - 3 scrolls of teleportation
 F - a scroll of enchant weapon
 H - 3 scrolls of vulnerability
Potions
 b - 6 potions of curing
 d - 2 potions of attraction
 g - 3 potions of mutation
 h - a potion of berserk rage
 j - 3 potions of haste
 k - 2 potions of lignification
 l - 2 potions of brilliance
 m - a potion of invisibility
 o - 7 potions of might
 p - 8 potions of ambrosia
 q - 5 potions of flight
 w - 2 potions of resistance
 G - a potion of cancellation


   Skills:
 + Level 6.1 Fighting
 + Level 9.4 Dodging
 + Level 10.1 Stealth
 + Level 10.4 Spellcasting
 + Level 8.4 Conjurations
 + Level 8.9 Fire Magic
 + Level 3.4 Air Magic


You had 12 spell levels left.
You knew the following spells:

 Your Spells              Type           Power      Damage    Failure   Level
a - Foxfire               Conj/Fire      100%       2x1d9     1%          1
b - Scorch                Fire           100%       2d10      1%          2
c - Inner Flame           Hex/Fire       52%        N/A       1%          3
d - Freezing Cloud        Conj/Ice/Air   16%        6-21      12%         5
e - Irradiate             Conj/Tmut      17%        3d17      11%         5
f - Blink                 Tloc           26%        N/A       12%         2

Your spell library contained the following spells:

 Spells                   Type           Power      Damage    Failure   Level
 Magic Dart               Conj           100%       1d8       1%          1
 Momentum Strike          Conj/Tloc      68%        3d9       1%          2
 Kindle Blastsparks       Fire/Tloc/Air  100%       2d18      1%          3
 Mephitic Cloud           Conj/Pois/Air  32%        N/A       1%          3
 Flame Wave               Conj/Fire      71%        2d16      1%          4
 Slow                     Hex            52%        N/A       8%          1
 Call Imp                 Summ           13%        N/A       12%         2
 Lesser Beckoning         Tloc           26%        N/A       12%         2
 Confusing Touch          Hex            13%        N/A       24%         3
 Gell's Gravitas          Tloc           13%        N/A       24%         3
 Teleport Other           Tloc           13%        N/A       24%         3
 Vampiric Draining        Necr           13%        2d6       24%         3
 Simulacrum               Ice/Necr       6%         N/A       100%        6
 Polar Vortex             Ice            6%         N/A       100%        9


Dungeon Overview and Level Annotations

Branches:
Dungeon (12/15)            Temple (1/1) D:4             Orc (0/2) D:9
  Sewer (visited)          Bailey (visited)
   Lair: D:8-11

Altars:
Ashenzari
Cheibriados
Dithmenos
Elyvilon
Gozag
Hepliaklqana
Kikubaaqudgha
Makhleb
Nemelex Xobeh
Qazlal
Ru
Uskayaw
Vehumet
Xom
Yredelemnul
Zin

Shops:
D:4 *   D:5 :   D:9 [!([!?

Annotations:
D:9 exclusion: ice statue


Message History

The wolf is moderately wounded.
The foxfire hits the wolf.
The wolf is heavily wounded.
Casting: Scorch (safe; 1% risk of failure)
Confirm with . or Enter, or press ? or * to list all spells.
You feel a surge of power!
You conjure some foxfire!
You are engulfed in blazing flames.
You resist.
* * * LOW HITPOINT WARNING * * *
The manticore is engulfed in blazing flames.
Flame seeps out of the manticore.
The wolf is engulfed in blazing flames.
Casting: Foxfire (safe; 1% risk of failure)
Confirm with . or Enter, or press ? or * to list all spells.
You feel a surge of power!
You conjure some foxfire!
You are engulfed in blazing flames.
You resist.
* * * LOW HITPOINT WARNING * * *
The foxfire hits the wolf.
The wolf is almost dead.
The wolf is engulfed in blazing flames.
You kill the wolf!
Vehumet accepts your kill.
You feel your power returning.
The manticore is engulfed in blazing flames.
Flame seeps out of the manticore.
The foxfire hits the manticore.
Flame seeps out of the manticore.
The manticore is moderately wounded.
Casting: Foxfire (safe; 1% risk of failure)
Confirm with . or Enter, or press ? or * to list all spells.
You feel a surge of power!
You conjure some foxfire!
You are engulfed in blazing flames.
You resist.
* * * LOW HITPOINT WARNING * * *
The foxfire hits the manticore.
Flame seeps out of the manticore.
The manticore is heavily wounded.
The foxfire hits the manticore.
Flame seeps out of the manticore.
The manticore is heavily wounded.
The manticore is engulfed in blazing flames.
Flame seeps out of the manticore.
The manticore flicks its tail.
The volley of spikes hits you!!
The barbed spikes become lodged in your body.
You die...

### #..........
##.#####..##.....
##.>.####.## ....
#.........# #....
##........###○○#..
#..........○§....
##......#§§H.#...
#....).##§§§.§..#
##......§@v☼.§..#
#.#..#.§§v§##...
#######.#......
####...... ......
..!.## ..... .....


You could see a manticore (inner flame, ally target).

Vanquished Creatures
  A centaur warrior (D:9)
  Pikel (D:4)
  An ugly thing (D:11)
  Joseph (D:7)
  A komodo dragon (D:11)
  2 trolls
  A queen bee (D:10)
  3 wyverns
  13 yaks
  A steam dragon (D:9)
  Edmund (D:5)
  A swamp worm (D:8)
  6 water moccasins
  3 sky beasts (D:6)
  Pargi (Sewer)
  2 ogres
  8 orc warriors
  3 ice beasts
  A black bear (D:4)
  A boggart (D:9)
  3 wolves (D:11)
  5 centaurs
  A lemure (D:3)
  10 kobold brigands
  2 bullfrogs
  4 gnoll sergeants
  6 wights
  28 killer bees
  8 howler monkeys
  5 jellies
  5 hounds
  3 orc priests
  An iguana (D:5)
  Ijyb (D:5)
  Natasha (thrice) (D:3)
  10 orc wizards
  Robin (D:3)
  10 adders
  18 gnolls
  2 white imps
  3 worms
  4 dart slugs
  35 orcs
  6 endoplasms
  3 giant cockroaches
  15 goblins
  2 hobgoblins
  28 kobolds
  8 ball pythons
  6 bats
  9 frilled lizards
  5 rats
  4 bushes (D:10)
306 creatures vanquished.

Vanquished Creatures (collateral kills)
  2 foxfires (D:8)
2 creatures vanquished.

Vanquished Creatures (others)
  A human (D:8)
  A bush (D:10)
  351 foxfires
  4 plants (D:8)
357 creatures vanquished.

Grand Total: 665 creatures vanquished

Notes
Turn   | Place    | Note
-------+----------+-------------------------------------------
     0 | D:1      | wormed the Deep Elf Fire Elementalist began the quest for
                  | the Orb.
     0 | D:1      | Reached XP level 1. HP: 10/10 MP: 6/6
   499 | D:1      | Reached XP level 2. HP: 15/15 MP: 6/8
   552 | D:1      | Learned a level 2 spell: Scorch
  1262 | D:2      | Reached XP level 3. HP: 20/20 MP: 2/10
  1997 | D:2      | Learned a level 3 spell: Inner Flame
  2028 | D:3      | Reached skill level 1 in Fighting
  2151 | D:3      | Reached XP level 4. HP: 25/25 MP: 6/11
  2289 | D:3      | Noticed Natasha
  2294 | D:3      | Killed Natasha
  2565 | D:3      | Noticed Robin
  2583 | D:3      | Killed Robin
  2584 | D:3      | Reached XP level 5. HP: 17/29 MP: 5/13
  2685 | D:3      | Noticed Natasha
  2689 | D:3      | Killed Natasha
  2779 | D:3      | Noticed Natasha
  2783 | D:3      | Killed Natasha
  3423 | D:4      | Found Amaqa's Assorted Antiques.
  3424 | D:4      | Noticed a lemure
  3424 | D:4      | Noticed a lemure
  3442 | D:4      | Noticed a black bear
  3456 | D:3      | Killed a lemure
  3774 | D:4      | Killed a black bear
  3775 | D:4      | Reached XP level 6. HP: 35/35 MP: 9/14
  4020 | D:4      | Found a staircase to the Ecumenical Temple.
  4027 | Temple   | Entered the Ecumenical Temple
  4078 | Temple   | Became a worshipper of Vehumet
  4317 | D:4      | Found a bloodstained altar of Trog.
  4347 | D:4      | Found a sacrificial altar of Ru.
  4347 | D:4      | Found a sacrificial altar of Ru.
  4349 | D:4      | Found a shimmering altar of Xom.
  4349 | D:4      | Found a shadowy altar of Dithmenos.
  4349 | D:4      | Found a sacrificial altar of Ru.
  4439 | D:4      | Bought a clouded copper ring for 125 gold pieces
  4439 | D:4      | Identified the ring "Nubun" {Will+ MP+9} (You bought it in
                  | a shop on level 4 of the Dungeon)
  4439 | D:4      | Bought a scroll of identify for 50 gold pieces
  4439 | D:4      | Bought a scroll labelled RAMOGO UTO for 25 gold pieces
  4669 | D:4      | Noticed Pikel
  4674 | D:4      | Killed Pikel
  4675 | D:4      | Reached skill level 5 in Stealth
  4675 | D:4      | Reached skill level 5 in Spellcasting
  4675 | D:4      | Reached skill level 5 in Fire Magic
  4675 | D:4      | Reached XP level 7. HP: 40/40 MP: 17/17
  4779 | D:5      | Entered Level 5 of the Dungeon
  4789 | D:5      | Found Ytu Yfible's Book Emporium.
  4935 | D:5      | Noticed Ijyb
  4961 | D:5      | Killed Ijyb
  5051 | D:5      | Noticed Edmund
  5065 | D:5      | Killed Edmund
  5066 | D:5      | Reached skill level 5 in Dodging
  5066 | D:5      | Reached XP level 8. HP: 28/45 MP: 2/18
  5372 | D:5      | Found a stormy altar of Qazlal.
  5602 | D:5      | Found a sacrificial altar of Ru.
  5855 | D:5      | Found a hazy altar of Hepliaklqana.
  5998 | D:5      | Reached skill level 5 in Conjurations
  6303 | D:6      | Found a glowing drain.
  6314 | Sewer    | Entered a sewer
  6413 | Sewer    | Noticed Pargi
  6419 | Sewer    | Killed Pargi
  6592 | D:6      | Reached * piety under Vehumet
  6592 | D:6      | Offered knowledge of Kiss of Death by Vehumet.
  6757 | D:6      | HP: 1/48 [cloud of flame (18)]
  6762 | D:6      | Reached XP level 9. HP: 3/52 MP: 20/21
  7621 | D:7      | Noticed Joseph
  7723 | D:7      | Killed Joseph
  8140 | D:7      | Reached ** piety under Vehumet
  8159 | D:7      | Offered knowledge of Momentum Strike by Vehumet.
  8683 | D:8      | Reached XP level 10. HP: 58/58 MP: 23/24
  8809 | D:8      | Found a flagged portal.
  8891 | Bailey   | Entered a bailey
  8906 | Bailey   | Offered knowledge of Ignite Poison by Vehumet.
  9041 | Bailey   | Reached skill level 5 in Fighting
  9253 | Bailey   | Found a bloodstained altar of Trog.
  9622 | D:8      | Found an ancient bone altar of Kikubaaqudgha.
  9932 | D:9      | Reached *** piety under Vehumet
 10010 | D:9      | Found a shadowy altar of Dithmenos.
 10038 | D:9      | Found Hashat's Magic Scroll Shop.
 10046 | D:9      | Bought a scroll of acquirement for 676 gold pieces
 10046 | D:9      | Acquired a book of Ice
 10054 | D:9      | Learned a level 5 spell: Freezing Cloud
 10054 | D:9      | Acquired a staff of fire
 10081 | D:9      | Offered knowledge of Stone Arrow by Vehumet.
 10096 | D:9      | Found Istrecvi's Antique Armour Shop.
 10393 | D:9      | Bought a glowing hat for 217 gold pieces
 10419 | D:9      | Found Hovair's Weapon Shop.
 10421 | D:9      | Found a staircase to the Orcish Mines.
 10517 | D:9      | Found Defilunk's Antique Armour Shop.
 10542 | D:9      | Found Edaireetorph's Distillery.
 10697 | D:9      | Reached skill level 1 in Air Magic
 10734 | D:9      | Noticed a centaur warrior
 10748 | D:9      | Found Nyca's Distillery.
 10956 | D:9      | Killed a centaur warrior
 10957 | D:9      | Reached XP level 11. HP: 53/64 MP: 26/26
 11082 | D:9      | Reached **** piety under Vehumet
 11488 | D:9      | You fall into a shaft and drop 3 floors!
 11492 | D:12     | Noticed a boulder beetle
 11493 | D:12     | Noticed a skeletal warrior
 11508 | D:12     | Noticed a purple ugly thing
 11629 | D:10     | Entered Level 10 of the Dungeon
 11634 | D:10     | Reached skill level 10 in Spellcasting
 11646 | D:10     | Found a basalt altar of Yredelemnul.
 11868 | D:10     | Offered knowledge of Irradiate by Vehumet.
 12772 | D:5      | Bought a book of Spatial Translocations for 234 gold pieces
 12778 | D:5      | Learned a level 5 spell: Irradiate
 12781 | D:5      | Learned a level 2 spell: Blink
 12888 | D:11     | Noticed a red ugly thing
 12901 | D:11     | Killed a red ugly thing
 12902 | D:11     | Reached skill level 10 in Stealth
 12946 | D:11     | Killed from afar by a manticore

Illustrated notes

Levels and vault maps discovered:
D:1:      wheals_arrival_shading, layout_basic
D:2:      layout_basic, kennysheep_generic_room_8
D:3:      layout_loops_ring, uniq_robin, uniq_natasha
D:4:      layout_basic, doesnt_xom_only_xom, minmay_temple_entry_ruins,
          serial_shops, nicolae_stop_n_shop_1, uniq_pikel
D:5:      layout_basic, mainiacjoe_overflow_six_doors_small,
          mainiacjoe_overflow_catch_the_wave, serial_shops,
          nicolae_shop_behind_doors, grunt_ministairs_11, uniq_ijyb, uniq_edmund
D:6:      layout_basic, cheibrodos_sewer_entry_sluice, minivault_25
D:7:      layout_rooms, uniq_joseph
D:8:      layout_rooms, tgw_kikubaaqudgha, enter_bailey_2,
          hangedman_glass_teeth, grunt_ministairs_8, grunt_decor_resistance,
          hex_medium, hellmonk_bongcloud_opening, worms_lemuel
D:9:      layout_stronghold, nicolae_dithmenos_shadow_blocks, orc_david_3,
          serial_shops, nicolae_shop_stone, shop, nicolae_shop_hallway_plus,
          nicolae_shop_advertising_works [nicolae_subvault_shop_adworks],
          nicolae_take_the_stairs, nzn_random_ring
D:10:     layout_roguey [special_room_bee], overflow_temple_1_default,
          minmay_hedge_maze
D:11:     layout_cave_pools, erik_lair_island, special_room [special_room_orc],
          portal_ice_cave_entry_imps
D:12:     minmay_curly_fans, layout_basic, serial_shops,
          nicolae_shop_statue_plus, minmay_tree_intersection,
          minmay_misc_feat_iff, nrook_loot_triangle, nooodl_orcs_dogs,
          uniq_jorgrun, uniq_josephine
Temple:   nicolae_temple_superstar

Skill      XL: |  1  2  3  4  5  6  7  8  9 10 11 |
---------------+----------------------------------+-----
Stealth        | 3 4 5 6 7 9 10 | 10.1
Fighting       | 1 2 3 4 5 6 |  6.1
Conjurations   | 2 4 5 6 7 8 |  8.4
Dodging        | 3 4 5 6 7 8 9 |  9.4
Spellcasting   | 4 5 7 8 9 10 | 10.4
Fire Magic     | 4 5 6 7 8 |  8.9
Air Magic      | 1 3 |  3.4

Action                     |  1- 3 |  4- 6 |  7- 9 | 10-12 || total
---------------------------+-------+-------+-------+-------++-------
  Melee: Short sword       |     4 |       |       |       ||     4
         Punch             |     1 |       |       |       ||     1
         Dagger            |       |     7 |       |       ||     7
   Cast: Foxfire           |    19 |    19 |    46 |   118 ||   202
         Scorch            |    33 |    61 |   112 |    84 ||   290
         Inner Flame       |       |     1 |    36 |    85 ||   122
    Use: Scroll            |     6 |     5 |    11 |    10 ||    32
         Potion            |       |     1 |       |     2 ||     3
 Armour: Leather armour    |     5 |     8 |     9 |    21 ||    43
  Dodge: Dodged            |     8 |    25 |    42 |    75 ||   150

Table legend: (Time is in decaauts)
 A = Elapsed time spent in this place.
 B = Non-inter-level travel time spent in this place.
 C = Inter-level travel time spent in this place.
 D = Time resting spent in this place.
 E = Time spent auto-exploring this place.
 F = Levels seen in this place.
 G = Mean time per level.
                   A        B        C        D        E       F      G
               +--------+--------+--------+--------+--------+-----+--------+
         Total |  13018 |  12402 |    616 |    259 |  10170 |  15 |  867.9 |
       Dungeon |  12198 |  11597 |    601 |    259 |   9608 |  12 | 1016.5 |
        Temple |     67 |     52 |     15 |      0 |     32 |   1 |   67.0 |
         Sewer |    303 |    303 |      0 |      0 |    200 |   1 |  303.0 |
        Bailey |    448 |    448 |      0 |      0 |    330 |   1 |  448.0 |
               +--------+--------+--------+--------+--------+-----+--------+

Top non-repeatable levels by time:
     D:9: 1647 daAuts
     D:3: 1585 daAuts
     D:5: 1515 daAuts
     D:6: 1260 daAuts
     D:4: 1119 daAuts
     D:1: 1099 daAuts
     D:7: 987 daAuts
     D:8: 919 daAuts
     D:2: 905 daAuts
    D:10: 796 daAuts
  Bailey: 448 daAuts
    D:11: 323 daAuts
   Sewer: 303 daAuts
  Temple: 67 daAuts
    D:12: 37 daAuts
